Map: King Sejong Station LE

Players

Fropez

  • Race: Protoss Protoss
  • League: Gold
  • Spawn Location: 11:00

BDuncan - Winner!

  • Race: Zerg Zerg
  • Spawn Location: 5:00

VOD

Have the link to the VOD?

Description

Time

  • Played on: Nov. 14, 2016, 5:24 p.m.
  • Length: 15:30
Show
View Real Time Build Order
Export as new Build Order

Fropez Protoss 

Build Orders:  

Get SALT Encoding   

  12  0:03  Probe (Chrono Boost)  
  13  0:14  Pylon  
  13  0:18  Probe (Chrono Boost)  
  14  0:29  Assimilator  
  14  0:30  Probe (Chrono Boost)  
  15  0:40  Probe (Chrono Boost)  
  16  0:52  Probe (Chrono Boost)  
  16  0:55  Gateway  
  17  1:02  Probe (Chrono Boost)  
  18  1:12  Gateway  
  18  1:15  Probe (Chrono Boost)  
  19  1:24  Pylon  
  19  1:28  Pylon  
  19  1:32  Probe (Chrono Boost)  
  20  1:35  Assimilator  
  20  1:41  Pylon  
  20  1:47  Pylon  
  20  2:00  Probe (Chrono Boost)  
  21  2:05  Cybernetics Core  
  21  2:09  Pylon  
  21  2:10  Probe (Chrono Boost)  
  21  2:11  Pylon  
  21  2:14  Pylon  
  22  2:21  Pylon  
  21  2:41  Adept x2  
  21  2:43  Warp Gate (Chrono Boost), Mothership Core (Chrono Boost)  
  27  2:47  Gateway  
  27  2:59  Pylon  
  27  3:01  Probe (Chrono Boost)  
  28  3:10  Adept  
  30  3:20  Gateway  
  30  3:22  Pylon  
  30  3:29  Probe  
  30  3:33  Pylon  
  31  3:40  Adept x3  
  38  3:41  Probe  
  38  3:47  Pylon  
  38  3:53  Probe  
  39  4:11  Nexus  
  39  4:23  Pylon  
  39  4:27  Pylon  
  39  4:31  Probe  
  40  4:43  Probe  
  40  4:44  Assimilator  
  41  4:47  Adept  
  43  4:55  Probe  
  44  5:01  Adept  
  44  5:02  Adept  
  48  5:07  Probe  
  49  5:20  Adept x2  
  49  5:21  Probe  
  54  5:33  Probe  
  54  5:34  Assimilator  
  54  5:35  Adept x2  
  59  5:37  Probe  
  60  5:48  Twilight Council, Probe  
  61  5:52  Probe  
  62  6:00  Probe  
  62  6:04  Stalker  
  61  6:36  Probe  
  61  6:38  Probe  
  55  6:48  Probe  
  55  6:49  Resonating Glaives (Chrono Boost), Gateway  
  55  6:50  Probe  
  55  6:52  Gateway  
  57  6:55  Pylon  
  57  6:58  Robotics Facility  
  57  6:59  Probe  
  58  7:05  Stalker x2  
  58  7:06  Stalker  
  58  7:07  Probe  
  65  7:11  Pylon  
  65  7:16  Probe  
  65  7:20  Adept  
  68  7:33  Pylon  
  68  7:36  Pylon  
  68  7:40  Stalker x3  
  74  7:47  Adept  
  74  7:50  Probe  
  77  7:54  Stalker  
  77  7:55  Adept  
  77  7:58  Warp Prism (Chrono Boost)  
  83  8:13  Gateway  
  83  8:17  Adept  
  83  8:18  Adept x3  
  91  8:20  Probe  
  91  8:21  Probe  
  93  8:31  Immortal (Chrono Boost)  
  97  8:35  Probe  
  98  9:01  Adept x3  
  98  9:02  Adept x2  
  108  9:03  Adept  
  108  9:04  Pylon  
  108  9:07  Pylon  
  106  9:29  Immortal (Chrono Boost)  
  102  9:33  Gateway  
  102  9:38  Forge  
  102  9:40  Forge  
  102  9:52  Templar Archives  
  102  9:55  Pylon, Stalker x2  
  102  9:56  Stalker  
  108  10:10  Nexus  
  112  10:21  Immortal (Chrono Boost)  
  112  10:32  High Templar x2  
  112  10:33  High Templar x2  
  120  10:36  Archon  
  120  10:37  Archon  
  106  10:52  Adept x3  
  96  11:33  High Templar x5  
  96  11:34  High Templar x2  
  96  11:37  Archon x3  
  110  11:47  Pylon  
  110  11:50  Protoss Ground Weapons Level 1 (Chrono Boost)  
  110  11:51  Pylon  
  110  11:53  Nexus  
  110  11:55  Pylon  
  110  11:58  Pylon  
  110  11:59  Protoss Shields Level 1 (Chrono Boost)  
  110  12:13  Photon Cannon  
  110  12:28  Photon Cannon  
  110  12:29  Gateway  
  110  12:31  Gateway  
  110  12:32  Pylon  
  110  12:34  High Templar x5  
  110  12:35  High Templar x3  
  126  12:38  Pylon, Archon x3  
  126  12:39  Archon  
  103  13:16  High Templar x3  
  109  13:20  Archon  
  82  13:36  Zealot x4  
  70  14:03  Zealot x4  
  70  14:09  Assimilator  
  78  14:16  Zealot  
  74  14:40  Gateway  
  74  14:53  Pylon  
  74  14:54  Probe  
  75  15:06  Probe  
Show
View Real Time Build Order
Export as new Build Order

BDuncan Zerg - Winner!

Build Orders: Hatch First 

Get SALT Encoding   

  12  0:02  Drone  
  13  0:11  Drone  
  14  0:16  Overlord  
  14  0:44  Hatchery  
  14  0:46  Drone  
  15  0:50  Drone  
  15  0:54  Drone  
  16  1:01  Drone  
  17  1:14  Spawning Pool  
  17  1:17  Drone  
  17  1:20  Drone  
  18  2:02  Zergling x6  
  21  2:08  Extractor  
  21  2:13  Queen  
  22  2:16  Queen  
  24  2:25  Zergling x4  
  26  2:45  Drone x2  
  26  2:48  Spine Crawler  
  26  2:50  Spine Crawler  
  26  2:51  Overlord  
  26  3:00  Drone x2  
  26  3:31  Drone x2  
  28  3:34  Drone  
  28  3:35  Drone x3  
  28  3:39  Overlord x2  
  32  3:44  Spine Crawler  
  31  3:49  Extractor, Spine Crawler, Metabolic Boost  
  31  3:53  Queen  
  31  4:02  Zergling x6  
  34  4:05  Drone  
  34  4:08  Drone  
  36  4:11  Drone  
  36  4:13  Drone  
  36  4:17  Drone  
  39  4:19  Drone  
  40  4:36  Extractor  
  40  4:37  Drone x2  
  41  4:44  Drone  
  42  4:51  Drone x3  
  45  4:56  Evolution Chamber  
  45  4:59  Lair  
  44  5:03  Spore Crawler  
  43  5:07  Spore Crawler  
  42  5:21  Drone  
  42  5:22  Drone x2  
  45  5:32  Zergling x8  
  45  5:33  Zergling x4  
  51  5:36  Zerg Melee Weapons Level 1  
  51  5:42  Overlord x3  
  51  5:57  Roach Warren  
  51  6:00  Extractor, Drone x3  
  52  6:12  Hydralisk Den  
  40  6:47  Zergling x2  
  40  6:48  Zergling x26  
  54  7:00  Drone  
  55  7:17  Hatchery  
  55  7:22  Zergling x14  
  61  7:25  Glial Reconstitution  
  61  7:28  Muscular Augments  
  59  8:08  Hatchery  
  53  8:22  Hydralisk  
  53  8:23  Hydralisk x9  
  73  8:27  Overseer  
  73  8:29  Drone  
  73  8:32  Drone  
  75  8:35  Drone  
  75  8:38  Drone  
  77  8:43  Drone x2  
  79  9:05  Drone x3  
  79  9:06  Overlord  
  79  9:07  Overlord x2  
  79  9:09  Overlord  
  76  9:32  Drone x2  
  76  9:33  Drone  
  76  9:38  Drone x2  
  81  9:47  Drone x4  
  81  9:51  Drone x3  
  88  9:57  Drone x4  
  88  9:59  Drone x2  
  94  10:13  Roach  
  94  10:14  Roach x8  
  112  10:27  Drone  
  99  10:57  Roach x10  
  99  10:58  Roach x2  
  115  11:13  Hydralisk x2  
  119  11:23  Drone  
  120  11:27  Spine Crawler x2  
  120  11:29  Spine Crawler, Overlord  
  117  11:38  Infestation Pit  
  116  11:47  Drone x3  
  116  11:48  Drone  
  116  11:49  Overlord x4  
  120  12:01  Drone x2  
  122  12:07  Queen  
  124  12:10  Hydralisk x8  
  140  12:52  Zergling x2  
  140  12:53  Zergling x18  
  146  13:06  Zergling x4  
  146  13:07  Zergling x6  
  129  13:24  Zergling x2  
  129  13:25  Zergling x4  
  68  13:54  Zergling x2  
  68  13:55  Zergling x2  
  65  14:18  Hydralisk  
  65  14:19  Hydralisk x16  
  96  14:27  Spine Crawler  
  96  14:28  Spine Crawler  
  96  14:29  Spore Crawler  
  96  14:31  Drone  
  90  14:35  Extractor  
  88  14:45  Hydralisk x5  
  98  14:53  Hatchery  
Tags
 
League
Gold
Matchup
PvZ
Replay Pack
All Mines
Spawn Locations
Cross Positions
Add a new tag
Caveats
  • Supply blocks, unpowered buildings, or Contaminate may cause inaccurate times.
  • Supply counts are checked every 10 seconds.